 Dungeon Crawl Stone Soup version 0.30-a0-862-g1aabd4f9c5 (webtiles) character file.

Game seed: 3738385754525461120

1033 Monkooky the Chopper (level 8, -8/61 HPs)
             Began as a Mummy Delver on Mar 9, 2023.
             Was a Follower of Qazlal.
             Mangled by an orc warrior
             ... wielding a +0 dire flail
              (11 damage)
             ... on level 6 of the Dungeon.
             The game lasted 00:09:09 (4582 turns).

Monkooky the Chopper (Mummy Delver)                 Turns: 4582, Time: 00:09:10

Health: -8/61      AC: 10    Str: 17    XL:     8   Next: 3%
Magic:  8/8        EV:  7    Int:  9    God:    Qazlal [*.....]
Gold:   56         SH:  6    Dex: 14    Spells: 7/7 levels left

rFire   x . .      SeeInvis .    v - +0 war axe
rCold   + . .      Faith    +    (no shield)
rNeg    + + +      Spirit   .    m - +0 chain mail
rPois   ∞          Reflect  +    (no helmet)
rElec   .          Rampage  .    (no cloak)
rCorr   .                        n - +0 pair of gloves
Will    +....                    p - +0 pair of boots Stlth
                                 i - amulet of reflection
HPRegen 0.30/turn                (no ring)
MPRegen 0.11/turn                (no ring)

@: no status effects
A: cold resistance 1, negative energy resistance 3, torment resistance 2, heat
vulnerability 1, in touch with death 1, no potions, faith
a: Renounce Religion


You were on level 6 of the Dungeon.
You worshipped Qazlal.
Qazlal was aware of your devotion.
You visited 2 branches of the dungeon, and saw 7 of its levels.

You collected 281 gold pieces.
You spent 225 gold pieces at shops.

Inventory:

Hand Weapons
 a - a +0 hand axe
 r - a +0 battleaxe
 u - the +3 morningstar of Jedeuc {freeze, SInv}
   (You bought it in a shop on level 5 of the Dungeon)

   SInv:      It lets you see invisible.
 v - a +0 war axe (weapon)
Armour
 b - a +0 leather armour
 j - a +0 ring mail
 m - a +0 chain mail (worn)
 n - a +0 pair of gloves (worn)
 p - a +0 pair of boots (worn)
Jewellery
 i - an amulet of reflection (around neck)
 l - a ring of ice
Wands
 f - a wand of digging (3)
Scrolls
 c - 3 scrolls of fog
 d - a scroll of magic mapping
 e - 2 scrolls of fear
 g - 2 scrolls of torment
 h - a scroll of immolation
 k - 3 scrolls of teleportation
 o - 2 scrolls of vulnerability
 q - a scroll of enchant weapon
 s - a scroll of poison
 t - a scroll of blinking


   Skills:
 - Level 4.4 Fighting
 + Level 7.4 Axes
 - Level 1.8 Dodging
 - Level 4.2 Stealth


You had 7 spell levels left.
You didn't know any spells.
Your spell library contained the following spells:

 Spells                   Type           Power      Damage    Failure   Level
 Static Discharge         Conj/Air       0%         2-2/arc   100%        2
 Vhi's Electric Charge    Tloc/Air       0%         N/A       100%        3
 Arcjolt                  Conj/Air       0%         1d10      100%        5
 Lightning Bolt           Conj/Air       0%         1d11      100%        5


Dungeon Overview and Level Annotations

Branches:
Dungeon (6/15)             Temple (1/1) D:5

Altars:
Ashenzari
Dithmenos
Fedhas
Gozag
Hepliaklqana
Kikubaaqudgha
Makhleb
Okawaru
Qazlal
Ru
Sif Muna
Uskayaw
Vehumet
Wu Jian
Yredelemnul

Shops:
D:5 (


Innate Abilities, Weirdness & Mutations

You are immune to poison.
Your flesh is cold resistant. (rC+)
You are immune to negative energy. (rN+++)
You are immune to unholy pain and torment.
You are vulnerable to heat. (rF-)
You are in touch with the powers of death.
You do not drink.
You have a special connection with the divine. (Faith)


Message History

Beogh smites you!
There is an open door here.
You start resting.
An orc is nearby!
You hit the orc.
The orc is almost dead.
You hit the orc warrior.
The orc warrior is lightly wounded.
The orc warrior barely misses you.
You closely miss the orc warrior.
The orc warrior is lightly wounded.
The orc warrior hits you with a +0 dire flail.
You slash the orc warrior!
The orc warrior is moderately wounded.
You hit the orc warrior but do no damage.
The orc warrior is moderately wounded.
You hit the orc. The orc hits you but does no damage.
The orc warrior hits you with a +0 dire flail.
You hit the orc warrior but do no damage.
The orc warrior is moderately wounded.
You hit the orc. The orc hits you with a +0 flail.
The orc warrior hits you with a +0 dire flail!
You hit the orc warrior.
The orc warrior is heavily wounded.
You slash the orc!
You kill the orc!
Qazlal accepts your kill.
You are now surrounded by a storm.
The orc warrior closely misses you.
The orc priest mumbles some strange prayers to Beogh against you.
Beogh smites you!
* * * LOW HITPOINT WARNING * * *
You hit the orc warrior but do no damage.
The orc warrior is heavily wounded.
You hit the orc.
You kill the orc!
Qazlal accepts your kill.
The orc warrior hits you with a +0 dire flail.
* * * LOW HITPOINT WARNING * * *
The orc warrior hits you with a +0 dire flail!
You die...

<# #..## #.. ..# #...##
#..# ...##.#..###...
..........#..#
...o.o......##.#
...oo..........#
#...........#
####+####)#####
..>.....@o.#
...........#
.$.........#
...........#############
.......................#
............########.###
+................# #.#
####.............##.#
#.#
#................##.#
#.#


You could see an orc warrior.

Vanquished Creatures
  Grinder (D:3)
  An orc warrior (D:6)
  A centaur (D:6)
  Blork the orc (D:4)
  A bullfrog (D:5)
  A scorpion (D:5)
  2 howler monkeys (D:5)
  3 hounds
  2 iguanas
  3 orc wizards
  5 adders
  A shadow imp (D:5)
  2 white imps (D:5)
  4 ufetubi
  2 worms
  12 orcs
  2 ball pythons
  2 bats
  6 endoplasms
  A giant cockroach (D:1)
  9 goblins
  6 hobgoblins
  8 jackals
  7 kobolds
  3 quokkas
  3 frilled lizards
  4 rats
93 creatures vanquished.

Vanquished Creatures (others)
  A plant (D:2)
1 creature vanquished.

Grand Total: 94 creatures vanquished

Notes
Turn   | Place    | Note
-------+----------+-------------------------------------------
     0 | D:5      | Monkooky the Mummy Delver began the quest for the Orb.
     0 | D:5      | Reached XP level 1. HP: 18/18 MP: 1/1
    14 | D:5      | Noticed an iguana
    48 | D:3      | Reached XP level 2. HP: 6/24 MP: 2/2
   207 | D:3      | Reached skill level 2 in Axes
   766 | D:1      | Gained mutation: You are in touch with the powers of death.
                  | [Mummy growth]
   766 | D:1      | Reached XP level 3. HP: 29/29 MP: 3/3
  1193 | D:2      | Reached skill level 3 in Axes
  1353 | D:2      | Reached XP level 4. HP: 29/35 MP: 4/4
  1652 | D:3      | Noticed Grinder
  1664 | D:3      | Paralysed by Grinder for 2 turns
  1672 | D:3      | Paralysed by Grinder for 3 turns
  1686 | D:3      | Paralysed by Grinder for 3 turns
  1692 | D:3      | Killed Grinder
  1693 | D:3      | Reached skill level 5 in Axes
  1693 | D:3      | Reached XP level 5. HP: 35/41 MP: 5/5
  1693 | D:3      | Reached XP level 6. HP: 40/47 MP: 6/6
  2448 | D:4      | Found an opulent altar of Gozag.
  2584 | D:4      | Noticed Blork the orc
  2625 | D:4      | Killed Blork the orc
  3299 | D:5      | Reached XP level 7. HP: 46/55 MP: 7/7
  3300 | D:5      | Found a staircase to the Ecumenical Temple.
  3309 | Temple   | Entered the Ecumenical Temple
  3420 | Temple   | Became a worshipper of Qazlal Stormbringer
  3508 | D:5      | Found an ancient bone altar of Kikubaaqudgha.
  3622 | D:5      | Reached skill level 6 in Axes
  3915 | D:5      | Found Myeptug's Antique Weapon Boutique.
  4019 | D:5      | Bought a slimy morningstar for 225 gold pieces
  4019 | D:5      | Identified the +3 morningstar of Jedeuc {freeze, SInv} (You
                  | bought it in a shop on level 5 of the Dungeon)
  4411 | D:6      | Reached skill level 7 in Axes
  4424 | D:6      | Reached XP level 8. HP: 20/61 MP: 8/8
  4581 | D:6      | Reached * piety under Qazlal
  4582 | D:6      | HP: 3/61 [orc warrior/+0 dire flail (4)]
  4582 | D:6      | Mangled by an orc warrior

Illustrated notes

Levels and vault maps discovered:
D:1:      roderic_octagonal_star, layout_basic, minmay_tromino_i4
D:2:      layout_rooms, chequers_serial_rivers_marsh, skrybe_limestone_x,
          corexii_shack, kennysheep_nondescript
D:3:      layout_loops_cross, nicolae_overflow_hidden_temple,
          mainiacjoe_overflow_concentric_impassable,
          kennysheep_decorative_pillar, uniq_grinder
D:4:      layout_basic, grunt_gozag_statues, uniq_blork_the_orc
D:5:      layout_loops_cross, lemuel_tele_altar,
          minmay_temple_entry_sparse_star, serial_shops,
          nicolae_shop_statue_plus
D:6:      layout_basic, gup_ossuary_entry_pyramid, grunt_decor_cap
Temple:   nicolae_temple_great_sept

Skill      XL: |  1  2  3  4  5  6  7 |
---------------+----------------------+-----
Axes           | 2 3 5 7 |  7.4
Fighting       | 4 |  4.4
Dodging        | |  1.8
Stealth        | |  4.2

Action                     |  1- 3 |  4- 6 |  7- 9 || total
---------------------------+-------+-------+-------++-------
  Melee: Hand axe          |   151 |   187 |    87 ||   425
         War axe           |       |       |    49 ||    49
    Use: Scroll            |       |       |     7 ||     7
   Stab: Sleeping          |     5 |       |       ||     5
         Distracted        |     1 |       |       ||     1
 Armour: Leather armour    |    13 |       |       ||    13
         Ring mail         |    60 |       |       ||    60
         Chain mail        |    12 |    79 |    86 ||   177
  Dodge: Dodged            |   100 |    65 |    67 ||   232
  Block: Other             |       |       |    17 ||    17

Table legend: (Time is in decaauts)
 A = Elapsed time spent in this place.
 B = Non-inter-level travel time spent in this place.
 C = Inter-level travel time spent in this place.
 D = Time resting spent in this place.
 E = Time spent auto-exploring this place.
 F = Levels seen in this place.
 G = Mean time per level.
                   A        B        C        D        E       F      G
               +--------+--------+--------+--------+--------+-----+--------+
         Total |   4626 |   4466 |    160 |    320 |   2907 |   7 |  660.9 |
       Dungeon |   4506 |   4346 |    160 |    320 |   2854 |   6 |  751.0 |
        Temple |    119 |    119 |      0 |      0 |     53 |   1 |  119.0 |
               +--------+--------+--------+--------+--------+-----+--------+

Top non-repeatable levels by time:
     D:3: 977 daAuts
     D:5: 917 daAuts
     D:4: 821 daAuts
     D:1: 809 daAuts
     D:2: 628 daAuts
     D:6: 352 daAuts
  Temple: 119 daAuts
